Map: Oxide LE

Players

Future - Winner!

  • Race: Terran Terran
  • Spawn Location: 7:00

Nina

  • Race: Protoss Protoss
  • League: Grandmaster
  • Spawn Location: 1:00

Event: DreamHack SC2 Masters 2020 Winter

VOD

Have the link to the VOD?

Description

Time

  • Played on: Oct. 31, 2020, 3:25 p.m.
  • Length: 8:13

All games in this series

Show
View Real Time Build Order
Export as new Build Order

Future Terran - Winner!

Build Orders:  

Get SALT Encoding   

  12  0:00  SCV  
  13  0:12  SCV  
  14  0:17  Supply Depot  
  14  0:24  SCV  
  15  0:38  SCV  
  15  0:39  Barracks  
  16  0:43  Refinery  
  16  0:50  SCV  
  17  1:02  SCV  
  18  1:15  SCV  
  19  1:26  Marine  
  19  1:27  Orbital Command  
  20  1:47  Command Center  
  20  1:53  SCV  
  21  1:54  Barracks Reactor  
  21  2:04  Factory  
  21  2:05  SCV  
  22  2:11  Supply Depot  
  22  2:17  SCV  
  22  2:18  Refinery  
  23  2:32  Marine x2  
  23  2:33  SCV  
  26  2:45  SCV  
  26  2:50  Marine x2  
  29  2:51  Starport  
  29  2:53  Factory Tech Lab  
  29  2:57  SCV  
  29  2:59  Orbital Command  
  29  3:09  SCV  
  29  3:12  Cyclone  
  33  3:21  SCV  
  33  3:22  Barracks  
  33  3:25  SCV  
  35  3:33  SCV  
  36  3:36  Viking  
  36  3:37  SCV  
  39  3:42  Barracks  
  39  3:45  SCV  
  40  3:50  Marine x2, SCV  
  40  3:53  Factory Tech Lab  
  43  3:57  Supply Depot, SCV  
  43  4:02  SCV  
  45  4:05  Engineering Bay  
  45  4:12  SCV  
  46  4:18  SCV  
  46  4:19  Stimpack  
  46  4:20  Supply Depot, Refinery  
  48  4:24  SCV, Factory Tech Lab, Starport Reactor  
  48  4:27  Marine x2  
  48  4:30  SCV  
  48  4:31  Terran Infantry Weapons Level 1  
  51  4:36  Supply Depot, SCV  
  52  4:40  Combat Shield  
  52  4:45  SCV  
  52  4:48  SCV  
  52  4:49  Marine  
  52  4:50  Marine x2  
  52  4:51  Marine  
  58  4:55  Siege Tank  
  58  4:58  SCV  
  62  5:00  SCV  
  62  5:05  Supply Depot  
  63  5:07  Supply Depot  
  63  5:10  SCV  
  63  5:11  Marine x3  
  63  5:13  Marine  
  68  5:16  SCV  
  69  5:22  SCV  
  69  5:27  Siege Tank  
  73  5:29  Marine x3  
  73  5:31  Marine  
  73  5:34  Medivac x2  
  81  5:36  Supply Depot  
  81  5:37  Supply Depot  
  81  5:40  Refinery  
  81  5:42  SCV x2  
  83  5:47  Marine  
  83  5:48  Marine  
  85  5:56  Supply Depot  
  85  5:58  Marauder x2  
  85  5:59  Siege Tank  
  92  6:05  Marine x2  
  92  6:07  Medivac  
  96  6:15  Medivac  
  98  6:19  Marine x2  
  98  6:23  Marine x2, Command Center  
  102  6:35  Siege Tank  
  102  6:37  Marauder x2  
  109  6:41  Marine  
  109  6:42  Marine, Supply Depot  
  109  6:44  Supply Depot  
  111  6:49  Medivac  
  111  6:51  Medivac  
  115  7:01  Marine, Marauder  
  115  7:04  Marine, Marauder  
  121  7:11  Barracks x2  
  106  7:19  Marine  
  106  7:21  Siege Tank, Marine  
  111  7:23  Marauder  
  111  7:26  Marauder  
  111  7:28  Supply Depot x2  
  115  7:37  Marine  
  115  7:39  Marine  
  115  7:44  Marine  
  115  7:46  Marine  
  104  7:55  Marine  
Show
View Real Time Build Order
Export as new Build Order

Nina Protoss 

Build Orders: 1 Gate Expand, Blink Stalkers 

Get SALT Encoding   

  12  0:00  Probe  
  13  0:12  Probe  
  14  0:17  Pylon  
  14  0:24  Probe  
  15  0:36  Gateway, Probe (Chrono Boost)  
  16  0:46  Assimilator  
  16  0:47  Probe (Chrono Boost)  
  17  0:51  Probe (Chrono Boost)  
  18  1:03  Probe  
  19  1:15  Probe  
  20  1:25  Cybernetics Core  
  20  1:27  Probe  
  21  1:37  Nexus  
  21  1:47  Pylon  
  21  1:48  Probe  
  21  1:53  Assimilator  
  21  2:00  Probe  
  22  2:02  Stalker (Chrono Boost)  
  22  2:06  Warp Gate  
  24  2:12  Probe  
  25  2:24  Probe  
  25  2:26  Stalker  
  28  2:37  Probe  
  29  2:45  Twilight Council  
  29  2:49  Probe x2  
  31  2:59  Stalker  
  31  3:01  Probe (Chrono Boost)  
  31  3:03  Probe (Chrono Boost)  
  36  3:13  Gateway, Probe (Chrono Boost)  
  36  3:14  Blink (Chrono Boost)  
  36  3:17  Probe (Chrono Boost)  
  36  3:18  Probe (Chrono Boost)  
  38  3:25  Probe  
  39  3:27  Probe  
  39  3:31  Pylon  
  40  3:37  Probe  
  40  3:39  Probe  
  42  3:42  Robotics Facility  
  42  3:48  Pylon  
  42  3:49  Probe  
  42  3:51  Probe  
  42  3:54  Stalker  
  46  4:01  Probe  
  47  4:03  Probe  
  47  4:04  Shield Battery  
  47  4:07  Stalker  
  50  4:11  Assimilator  
  50  4:13  Probe  
  50  4:16  Probe  
  52  4:18  Sentry  
  54  4:25  Probe  
  54  4:28  Probe  
  54  4:29  Observer (Chrono Boost)  
  57  4:35  Pylon  
  57  4:37  Stalker, Nexus  
  59  4:40  Probe  
  59  4:43  Stalker  
  62  4:51  Pylon  
  62  4:54  Observer  
  62  4:57  Charge (Chrono Boost)  
  63  5:06  Stalker  
  63  5:07  Gateway  
  65  5:09  Gateway  
  65  5:11  Pylon  
  65  5:13  Gateway  
  65  5:18  Gateway  
  65  5:26  Sentry  
  65  5:28  Immortal (Chrono Boost)  
  67  5:29  Pylon  
  71  5:38  Zealot  
  71  5:41  Observer  
  73  5:46  Gateway  
  73  5:48  Forge, Probe  
  73  5:49  Shield Battery  
  75  5:50  Probe  
  75  5:52  Sentry  
  77  6:01  Probe, Immortal (Chrono Boost)  
  82  6:05  Probe  
  82  6:06  Probe  
  82  6:09  Zealot  
  86  6:14  Zealot, Probe  
  86  6:16  Zealot  
  86  6:17  Probe  
  92  6:18  Probe  
  92  6:22  Zealot  
  92  6:24  Zealot  
  97  6:26  Probe  
  97  6:29  Probe  
  97  6:31  Zealot  
  101  6:35  Pylon  
  101  6:36  Zealot  
  101  6:39  Stalker  
  106  6:41  Stalker  
  106  6:45  Probe  
  106  6:46  Probe  
  109  6:58  Zealot x4, Sentry  
  117  7:03  Pylon  
  117  7:04  Pylon  
  115  7:14  Zealot x2  
  89  7:17  Probe, Immortal  
  89  7:19  Zealot x2  
  89  7:22  Zealot x2  
  102  7:25  Zealot  
  104  7:31  Zealot  
  104  7:32  Pylon  
  104  7:34  Zealot  
  108  7:37  Zealot x2  
  108  7:39  Zealot  
  110  7:46  Zealot x3  
  100  7:51  Zealot  
  100  7:56  Zealot  
  88  8:00  Zealot x2  
  62  8:09  Zealot x3  
Tags
 
Add a new tag
Caveats
  • Supply blocks, unpowered buildings, or Contaminate may cause inaccurate times.
  • Supply counts are checked every 10 seconds.